AoeStats
← Rios

Arabia

509470649Analyzed
1v1 RM · 5d ago on Sep 26, 2026· 60m 21s· 2 players
Game mode
Random Map
Map size
Tiny (2 player)
Population
200
Speed
Normal
Resources
Standard
Victory
Conquest
Starting age
Dark Age
Ending age
Imperial Age
RankedLock teamsTeams togetherTeam positionsShared explorationLock speedFull tech treeHidden civsTurbo modeCheats
Victory
Defeat
🇦🇷 Malians · Argentina
836
+16
🇵🇪 Poles · Peru
841
-16
correntino
0:34 Loom
14:08 Feudal Age
15:26 Double-Bit Axe
15:22 Horse Collar
21:50 Castle Age
22:22 Wheelbarrow
22:26 Crossbowman
23:30 Fletching
23:41 Padded Archer Armor
24:48 Bow Saw
27:29 Tigui
28:53 Gold Mining
29:35 Stone Mining
30:19 Arson
31:34 Stone Shaft Mining
31:35 Gold Shaft Mining
31:40 Forging
33:15 Redemption
34:10 Iron Casting
33:36 Scale Mail Armor
33:42 Scale Barding Armor
33:37 Bodkin Arrow
36:21 Hand Cart
39:30 Chain Mail Armor
40:31 Gold Shaft Mining
48:27 Imperial Age
47:49 Leather Archer Armor
46:59 Pikeman
47:39 Squires
49:50 Elite Gbeto
51:00 Ballistics
50:51 Careening
51:45 Chemistry
57:40 Careening
59:10 Capped Ram
Rios
6:24 Loom
10:02 Feudal Age
10:48 Town Watch
13:37 Wheelbarrow
13:13 Man-at-Arms
15:05 Bloodlines
15:16 Double-Bit Axe
15:49 Arson
16:46 Forging
20:15 Scale Barding Armor
20:05 Horse Collar
20:46 Stone Mining
25:56 Castle Age
28:05 Chain Barding Armor
28:39 Iron Casting
29:45 Hand Cart
29:42 Bow Saw
29:43 Town Patrol
30:14 Husbandry
33:33 Gold Mining
34:57 Szlachta Privileges
38:18 Stone Shaft Mining
40:45 Imperial Age
42:44 Blast Furnace
42:23 Cavalier
49:25 Fletching
50:59 Long Swordsman
52:04 Guard Tower
52:38 Thumb Ring
52:48 Bodkin Arrow
54:36 Bracer
55:26 Ballistics
55:35 Murder Holes
56:36 Padded Archer Armor
57:23 Keep
58:08 Masonry
57:50 Heavy Mounted Crossbowman
Connection lost

Rejoining the realm…

Still unreachable

The connection could not be restored.

Session expired

The server has moved on; the page needs a fresh start.